Map: Ephemeron LE

Players

MaSa

  • Race: Terran Terran
  • Spawn Location: 5:00

Astrea - Winner!

  • Race: Protoss Protoss
  • Spawn Location: 11:00

VOD

Have the link to the VOD?

Description

Time

  • Played on: Sept. 6, 2019, 7:52 p.m.
  • Length: 14:57
Show
View Real Time Build Order
Export as new Build Order

MaSa Terran 

Build Orders:  

Get SALT Encoding   

  12  0:00  SCV  
  13  0:13  SCV  
  14  0:17  Supply Depot  
  14  0:25  SCV  
  15  0:38  SCV  
  15  0:40  Barracks  
  16  0:45  Refinery  
  16  0:51  SCV  
  17  1:03  SCV  
  18  1:15  SCV  
  19  1:27  Orbital Command  
  19  1:31  Barracks Reactor  
  19  1:44  Command Center  
  19  1:53  SCV  
  20  2:04  Barracks  
  20  2:06  Supply Depot, Marine  
  20  2:08  Marine  
  21  2:11  SCV  
  23  2:27  Marine x2  
  23  2:28  SCV  
  26  2:40  SCV  
  27  2:45  Marine x2  
  27  2:50  Barracks Tech Lab  
  29  2:53  SCV  
  29  2:57  Orbital Command  
  30  3:03  Marine x2  
  30  3:05  SCV  
  33  3:08  Concussive Shells  
  33  3:09  Marauder  
  33  3:11  Supply Depot  
  35  3:14  Barracks  
  35  3:17  SCV  
  36  3:21  Marine x2  
  36  3:27  SCV  
  39  3:29  SCV  
  39  3:30  Marauder  
  42  3:34  Supply Depot  
  42  3:39  SCV, Marine  
  44  3:41  SCV  
  44  3:46  Marine  
  46  3:52  Marauder  
  46  3:53  SCV  
  49  3:56  Marine  
  49  3:59  SCV  
  49  4:00  Refinery  
  51  4:05  SCV  
  51  4:07  Supply Depot  
  52  4:11  Marine, SCV  
  52  4:13  Marauder  
  56  4:17  SCV  
  56  4:19  Bunker  
  56  4:20  Marine  
  56  4:23  SCV  
  59  4:30  SCV  
  54  4:31  Marine  
  54  4:32  Bunker  
  54  4:34  Marauder  
  54  4:35  SCV  
  54  4:40  Barracks Tech Lab  
  54  4:42  SCV  
  54  4:43  Marine  
  52  4:45  Factory  
  52  4:47  Engineering Bay, SCV  
  52  4:52  Refinery  
  53  4:53  Refinery  
  53  4:55  SCV  
  53  4:59  SCV  
  57  5:01  Marauder, Marine  
  57  5:03  Stimpack  
  57  5:05  Supply Depot  
  60  5:07  Supply Depot, SCV, Marine  
  60  5:12  SCV  
  60  5:14  Barracks  
  61  5:19  SCV, Marine  
  63  5:23  Marauder, Terran Infantry Weapons Level 1  
  63  5:24  SCV  
  66  5:32  SCV  
  66  5:34  Marine  
  68  5:36  SCV  
  68  5:38  Marine  
  68  5:41  Factory Reactor  
  70  5:43  Starport  
  70  5:44  Marauder, SCV  
  70  5:48  SCV  
  74  5:52  Supply Depot  
  74  5:55  Missile Turret  
  74  5:56  SCV  
  75  6:00  SCV  
  76  6:04  Barracks Tech Lab  
  76  6:06  Marauder  
  76  6:10  Command Center  
  78  6:12  SCV  
  78  6:13  Marine x2  
  81  6:19  SCV  
  84  6:25  Marauder  
  84  6:27  Combat Shield, Medivac x2  
  84  6:30  Factory Reactor  
  84  6:31  Barracks  
  84  6:32  SCV  
  89  6:35  Supply Depot, SCV  
  90  6:41  Barracks Tech Lab  
  90  6:43  Marine  
  90  6:44  Marauder, Marine  
  90  6:45  SCV  
  94  6:52  Supply Depot x2  
  94  6:56  SCV  
  94  6:57  Medivac x2  
  94  7:00  Marauder, SCV  
  102  7:10  Supply Depot  
  102  7:13  Marine x2  
  102  7:14  Marauder, SCV  
  107  7:18  Marauder, Starport  
  107  7:20  Barracks Reactor  
  107  7:22  Orbital Command  
  109  7:25  Marauder, Missile Turret  
  109  7:27  Factory Reactor  
  109  7:28  SCV  
  113  7:33  Viking  
  113  7:35  Marauder  
  116  7:39  Terran Infantry Armor Level 1  
  116  7:45  Marauder  
  116  7:46  Marauder  
  116  7:49  SCV x2  
  121  7:51  Marine x2  
  123  8:01  SCV  
  123  8:02  Orbital Command  
  124  8:07  Viking  
  126  8:13  Viking  
  126  8:14  SCV  
  126  8:15  SCV  
  126  8:18  Viking  
  132  8:22  Viking  
  132  8:26  SCV  
  135  8:28  Supply Depot  
  135  8:30  Supply Depot x2  
  135  8:31  Marauder  
  135  8:34  Marauder  
  139  8:36  Marauder  
  141  8:49  Viking x3, Marine x2  
  141  8:52  Marauder  
  151  8:58  Supply Depot x2  
  151  9:00  Viking  
  153  9:02  Liberator  
  153  9:04  Marauder x2, Marine  
  153  9:07  Liberator, Marine  
  153  9:08  Marine  
  159  9:14  Marauder, SCV  
  159  9:15  Refinery  
  159  9:16  Supply Depot  
  161  9:17  Supply Depot  
  161  9:19  Viking  
  166  9:28  SCV  
  166  9:31  Supply Depot, Liberator  
  170  9:32  Liberator, Refinery  
  167  9:46  Marauder, Marine x3  
  167  9:47  Marauder  
  167  9:52  Barracks x3  
  179  9:53  SCV  
  179  9:55  Marauder, Marine  
  179  9:59  Liberator  
  155  10:08  Marauder, Marine  
  155  10:09  Marauder  
  139  10:16  Marauder, Marine  
  135  10:21  Command Center  
  135  10:23  Liberator  
  135  10:26  Liberator  
  135  10:28  Ghost Academy  
  135  10:29  Marauder, SCV x3  
  135  10:30  Engineering Bay  
  135  10:32  Marine x2  
  135  10:33  Armory  
  142  10:39  Supply Depot  
  142  10:41  SCV x2  
  149  10:51  Sensor Tower  
  149  10:55  Barracks Tech Lab x2  
  149  10:56  Barracks Reactor  
  149  10:57  Liberator  
  149  10:58  Marauder x2, Marine x4  
  153  11:11  Marauder  
  153  11:15  Marauder x2  
  153  11:16  Marine x4  
  166  11:20  Marauder x2  
  170  11:33  Marauder  
  155  11:41  Marauder, Marine  
  155  11:42  Marauder  
  155  11:44  Marauder, Marine x2  
  155  11:46  Marauder, Liberator x2, Marine x2  
  148  11:50  Marine  
  148  11:51  SCV  
  123  11:54  Marauder  
  123  11:55  SCV  
  123  11:56  SCV  
  123  11:59  Marine  
  126  12:01  Marine x2  
  126  12:03  Marauder x2, SCV  
  126  12:04  Marine x2  
  126  12:05  Marauder  
  126  12:08  Marauder, Marine  
  141  12:10  SCV  
  142  12:16  Terran Infantry Armor Level 2, Marauder, Terran Infantry Weapons Level 2  
  142  12:17  Marine  
  142  12:19  Marine  
  147  12:23  Marine  
  147  12:24  Marauder x2  
  147  12:29  Terran Ship Weapons Level 1  
  151  12:32  Marine  
  154  12:39  Marine  
  154  12:44  Refinery  
  154  12:51  Missile Turret  
  154  12:56  Orbital Command  
  154  12:57  Enhanced Shockwaves  
  154  12:58  Refinery  
  154  12:59  Unknown, Marine x2  
  154  13:00  Liberator  
  154  13:01  Liberator  
  154  13:02  Marauder, Marine x2  
  154  13:03  Liberator  
  160  13:06  Unknown  
  160  13:08  Missile Turret  
  160  13:11  Marauder x2, Marine x3  
  165  13:13  Marine  
  165  13:16  Liberator  
  175  13:31  Marine x3  
  183  13:35  Marauder, Marine  
  183  13:37  Marine x2  
  183  13:38  Marauder, Marine  
  191  13:42  Marauder  
  191  13:45  Liberator  
  190  13:49  Marine x3  
  190  13:53  Marine  
  190  13:55  Marine x2, SCV x2  
  188  13:56  Marauder, SCV  
  188  13:57  Marauder  
  188  13:59  Marauder  
  188  14:00  Marauder, Unknown  
  191  14:14  Marine  
  191  14:15  Marauder  
  165  14:29  Marauder, Marine x2  
  165  14:30  Marauder, Marine  
  155  14:36  Marine  
Show
View Real Time Build Order
Export as new Build Order

Astrea Protoss - Winner!

Build Orders: 1 Gate Expand, Colossus Rush 

Get SALT Encoding   

  12  0:00  Probe  
  13  0:12  Probe  
  14  0:17  Pylon  
  14  0:23  Probe  
  15  0:32  Probe  
  15  0:36  Gateway  
  15  0:40  Probe  
  16  0:46  Assimilator  
  17  0:51  Probe  
  18  1:03  Probe  
  19  1:15  Probe  
  20  1:22  Nexus  
  20  1:33  Cybernetics Core  
  20  1:35  Probe  
  21  1:43  Assimilator  
  22  1:47  Probe  
  22  1:52  Pylon  
  22  1:59  Probe  
  22  2:01  Stalker  
  23  2:07  Probe  
  23  2:10  Warp Gate  
  26  2:15  Probe  
  27  2:24  Stalker  
  27  2:25  Probe  
  27  2:28  Robotics Facility  
  28  2:36  Probe  
  31  2:40  Probe  
  32  2:48  Probe  
  33  2:52  Probe, Stalker  
  36  3:00  Probe  
  36  3:04  Probe  
  38  3:10  Observer  
  38  3:12  Probe  
  39  3:16  Probe  
  41  3:20  Gateway  
  41  3:24  Probe  
  41  3:26  Pylon, Stalker  
  44  3:28  Probe  
  44  3:30  Observer  
  46  3:36  Assimilator  
  46  3:39  Assimilator  
  46  3:40  Probe  
  46  3:44  Pylon, Probe  
  46  3:48  Probe  
  48  3:51  Observer  
  50  3:56  Probe  
  50  3:58  Probe  
  52  4:04  Immortal  
  52  4:06  Stalker  
  52  4:08  Probe  
  52  4:09  Shield Battery  
  55  4:10  Probe  
  56  4:18  Stalker  
  56  4:20  Probe  
  54  4:27  Probe  
  49  4:32  Stalker  
  49  4:34  Probe  
  48  4:39  Probe  
  48  4:44  Observer  
  49  4:46  Probe  
  49  4:48  Probe  
  49  4:49  Warp Prism  
  53  4:55  Robotics Bay  
  53  4:56  Probe  
  53  4:58  Probe  
  54  5:05  Probe  
  55  5:10  Observer, Probe  
  57  5:17  Probe  
  58  5:22  Probe  
  58  5:25  Sentry  
  58  5:26  Pylon  
  61  5:29  Colossus, Probe  
  61  5:33  Pylon  
  62  5:43  Extended Thermal Lance  
  62  5:45  Probe x2  
  70  5:55  Zealot, Sentry  
  70  5:57  Observer, Probe x2  
  76  6:00  Forge, Twilight Council  
  76  6:01  Pylon  
  76  6:15  Probe  
  76  6:16  Colossus, Probe  
  78  6:26  Protoss Ground Armor Level 1  
  78  6:27  Nexus  
  78  6:29  Pylon  
  78  6:32  Probe  
  85  6:34  Probe  
  85  6:35  Pylon  
  86  6:40  Observer  
  86  6:42  Blink  
  86  6:44  Probe  
  85  6:47  Probe  
  86  6:57  Gateway x2, Probe  
  86  7:00  Probe  
  88  7:01  Colossus  
  88  7:07  Stalker x2  
  92  7:09  Probe  
  92  7:12  Probe  
  100  7:24  Pylon  
  100  7:33  Stalker  
  102  7:39  Pylon, Probe x2, Stalker  
  102  7:43  Probe  
  107  7:47  Gateway x2  
  107  7:48  Disruptor  
  107  7:51  Probe  
  108  7:58  Photon Cannon  
  108  7:59  Shield Battery  
  111  8:05  Forge  
  111  8:09  Observer  
  111  8:14  Observer  
  111  8:21  Protoss Ground Weapons Level 1  
  111  8:23  Disruptor  
  111  8:25  Zealot x4  
  119  8:28  Protoss Ground Armor Level 2  
  119  8:29  Probe x2  
  124  8:41  Pylon  
  124  8:43  Charge  
  124  8:56  Pylon  
  124  8:57  Pylon  
  124  9:01  Disruptor  
  124  9:06  Observer, Stalker x6  
  136  9:10  Nexus  
  136  9:14  Pylon  
  137  9:18  Robotics Facility  
  137  9:20  Shield Battery  
  137  9:21  Shield Battery  
  137  9:22  Shield Battery  
  135  9:30  Zealot x5  
  145  9:45  Disruptor  
  145  9:53  Zealot x6  
  145  9:59  Gateway  
  155  10:00  Gateway  
  155  10:02  Pylon  
  155  10:04  Pylon  
  149  10:10  Observer  
  139  10:15  Colossus  
  139  10:21  Colossus  
  139  10:23  Nexus  
  139  10:24  Protoss Ground Weapons Level 2  
  139  10:26  Zealot x3  
  139  10:27  Pylon  
  139  10:28  Pylon  
  151  10:29  Gravitic Drive  
  151  10:47  Observer  
  151  10:54  Stalker x2  
  151  10:55  Stalker x2  
  159  11:00  Protoss Ground Armor Level 3  
  159  11:06  Probe x3  
  159  11:08  Colossus  
  168  11:16  Assimilator  
  168  11:17  Assimilator  
  168  11:19  Pylon, Probe x2  
  149  11:51  Immortal, Warp Prism, Zealot x8  
  139  12:10  Probe x2  
  139  12:11  Probe x2  
  143  12:19  Templar Archives  
  143  12:20  Gateway, Disruptor, Sentry  
  143  12:21  Gateway, Zealot x6, Sentry, Nexus  
  159  12:24  Disruptor  
  165  12:41  Pylon  
  165  12:43  Stalker x2  
  167  12:44  Stalker x3  
  167  12:50  Probe x4  
  174  12:59  Zealot x3  
  180  13:08  Disruptor  
  180  13:09  Probe x3  
  180  13:11  Zealot x3  
  190  13:24  Photon Cannon  
  190  13:26  Photon Cannon  
  190  13:37  Warp Prism  
  190  13:39  Stalker x3  
  190  13:40  Zealot x3  
  188  13:56  Stalker x4  
  189  14:16  Zealot x4  
  191  14:17  Zealot x2  
  180  14:40  Stalker x10  
Tags
 
Add a new tag
Caveats
  • Supply blocks, unpowered buildings, or Contaminate may cause inaccurate times.
  • Supply counts are checked every 10 seconds.